 Dungeon Crawl Stone Soup version 0.14-a0-426-gb52781e (webtiles) character file.

216 4tharraofdagon the Chopper (level 5, 0/60 HPs)
             Began as a Djinni Berserker on Oct 29, 2013.
             Was a Follower of Trog.
             Slain by a giant frog (4 damage)
             ... on Level 6 of the Dungeon.
             The game lasted 00:02:49 (522 turns).

4tharraofdagon the Chopper (Djinni Berserker)        Turns: 522, Time: 00:02:49

HP   0/60        AC  6     Str 21      XL: 5   Next: 16%
MP   0/0         EV  9     Int  8      God: Trog [*.....]
Gold 58          SH  0     Dex 12      Spells:  0 memorised,  4 levels left

Res.Fire  : + + +   See Invis. : .   a - +0 hand axe
Res.Cold  : x . .   Warding    : .   m - +0 scale mail
Life Prot.: + + +   Conserve   : .   (no shield)
Res.Poison: .       Res.Corr.  : .   (no helmet)
Res.Elec. : .       Clarity    : .   (no cloak)
Sust.Abil.: . .     Spirit.Shd : .   (no gloves)
Res.Mut.  : +       Stasis     : .   (boots unavailable)
Res.Rott. : .       Flight     : .   e - cursed amulet of resist mutation {unknown}
Saprovore : . . .                    n - ring of sustenance {unknown}
                                     i - cursed -2 ring of strength

@: berserking, very slightly contaminated, very quick, slightly resistant to
hostile enchantments, extremely unstealthy
A: fire immunity, cold vulnerability, life protection 3
a: Burn Spellbooks, Berserk, Renounce Religion


You were on level 6 of the Dungeon.
You worshipped Trog.
Trog was aware of your devotion.
You were not hungry.

You visited 1 branch of the dungeon, and saw 6 of its levels.

You collected 38 gold pieces.

Inventory:

Hand weapons
 a - a +0,+0 hand axe (weapon)
Armour
 b - a +0 animal skin
 m - a +0 scale mail (worn)
 p - a +0 ring mail
Magical devices
 k - a wand of slowing (10)
 l - a wand of flame (12)
Scrolls
 d - a scroll of enchant armour {unknown}
 f - a scroll of identify {unknown}
 h - a scroll of enchant weapon I {unknown}
Jewellery
 c - an uncursed amulet of warding {unknown}
 e - a cursed amulet of resist mutation (around neck) {unknown}
 i - a cursed -2 ring of strength (left hand)
 j - an uncursed amulet of clarity {unknown}
 n - a ring of sustenance (right hand) {unknown}


   Skills:
 + Level 3.5 Fighting
 * Level 4.0 Axes
 + Level 3.2 Armour
 - Level 1.7 Dodging
 + Level 1.7 Evocations


You had 4 spell levels left.
You didn't know any spells.

Dungeon Overview and Level Annotations

Branches:
Dungeon (6/27)
 Temple: D:4-7          Orc: D:6-11

Altars:


Innate Abilities, Weirdness & Mutations

You are immune to all types of fire, even holy and hellish.
You are vulnerable to cold.
You need no food.
You have no legs.
You are immune to negative energy.


Message History

You are very lightly contaminated with residual magic.
The orc shouts!
The giant frog hits you.
* * * LOW HITPOINT WARNING * * *
An orc wizard comes into view. It is wielding an orcish dagger.
You slash the giant frog!
The giant frog is heavily wounded.
The giant frog hits you.
* * * LOW HITPOINT WARNING * * *
The giant frog hits you but does no damage.
Unknown command.
You slash the giant frog!
The giant frog is heavily wounded.
You slash the giant frog!
You kill the giant frog!
Trog accepts your kill.
Your Axes skill increases to level 4!
You have reached level 5!
The giant frog hits you.
You die...

. #. #. .#
.####.#####.##
..........<.....
................
..#.............
.o.o.............#
.##....@........#
...[...F.........#
.................#
#..................#
##...........###.####
.....................
.####...........#......
.................#......
#.................#
.....


You could see a giant frog, an orc wizard and an orc.

Vanquished Creatures
  A giant frog (D:6)
  A crimson imp (D:5)
  A scorpion (D:5)
  Terence (D:2)
  An adder (D:2)
  A giant gecko (D:5)
  A bat (D:2)
  A giant cockroach (D:5)
  2 goblins (D:2)
  3 hobgoblins
  4 jackals (D:5)
  A giant gecko zombie (D:5)
  A rat (D:2)
19 creatures vanquished.

Notes
Turn   | Place    | Note
--------------------------------------------------------------
     0 | D:1      | 4tharraofdagon, the Djinni Berserker, began the quest for the Orb.
     0 | D:1      | Reached XP level 1. HP: 16/16 MP: 0/0
    73 | D:1      | You fall through a shaft!
   105 | D:2      | Reached skill level 3 in Axes
   105 | D:2      | Reached XP level 2. EP: 22/22
   184 | D:2      | Noticed Terence
   200 | D:2      | Killed Terence
   312 | D:5      | Entered Level 5 of the Dungeon
   323 | D:5      | Reached XP level 3. EP: 29/29
   338 | D:5      | Reached skill level 1 in Evocations
   339 | D:5      | Reached XP level 4. EP: 35/35
   431 | D:5      | HP: 1/35 [poison (a potion of poison)]
   516 | D:6      | Noticed a giant frog
   518 | D:6      | Noticed a giant frog
   522 | D:6      | Killed a giant frog
   522 | D:6      | Reached skill level 4 in Axes
   522 | D:6      | Reached XP level 5. EP: 4/42
   522 | D:6      | Slain by a giant frog

Action                   |  1- 3 |  4- 6 || total
-------------------------+-------+-------++-------
Melee: Hand axe          |    41 |    10 ||    51
Invok: Berserk           |     3 |     2 ||     5
Evoke: Wand              |     2 |       ||     2
  Use: Scroll            |     1 |     2 ||     3
       Potion            |       |     2 ||     2
